 Dungeon Crawl Stone Soup version 0.27-a0-1557-g57f10a385c (webtiles) character file.

Game seed: 53538551873718269

9 Apogee the Magician (level 2, 17/21 HPs)
             Began as a Djinni Fire Elementalist on July 15, 2021.
             Quit the game on level 1 of the Dungeon on July 28, 2021.
             The game lasted 00:01:29 (598 turns).

Apogee the Magician (Djinni Fire Elementalist)       Turns: 598, Time: 00:01:30

Health: 17/21      AC:  2    Str:  7    XL:     2   Next: 20%
Gold:   10         EV: 12    Int: 16    God:
                   SH:  0    Dex: 13

rFire    + + .     SeeInvis .   (no weapon)
rCold    x . .     Faith    .   (no shield)
rNeg     . . .     Spirit   .   a - +0 robe
rPois    ∞         Reflect  .   (no helmet)
rElec    .         Harm     .   (no cloak)
rCorr    .         Rampage  .   (no gloves)
Will     .....                  (boots unavailable)
Stlth    ++........             (no amulet)
HPRegen  0.07/turn              (no ring)
MPRegen  0.00/turn              (no ring)

@: flying
A: sickness immunity, fire resistance 2, cold vulnerability 1, float, innate
caster, hp casting, extra vitality 1
a: no special abilities


You were on level 1 of the Dungeon.
You visited 1 branch of the dungeon, and saw 1 of its levels.

You collected 10 gold pieces.

Inventory:

Armour
 a - a +0 robe (worn)
Scrolls
 c - a scroll of amnesia {unknown}
 d - a scroll of noise {unknown}
Potions
 b - 2 potions of lignification {unknown}


   Skills:
 + Level 2.4 Dodging
 + Level 1.8 Stealth
 * Level 2.6 Spellcasting


You couldn't memorise any spells.
You knew the following spells:

 Your Spells              Type           Power      Damage    Failure   Level
a - Foxfire               Conj/Fire      40%        2x1d6     6%          1
b - Inner Flame           Hex/Fire       10%        N/A       19%         3
d - Conjure Flame         Conj/Fire      10%        6-21      19%         3
q - Sticky Flame          Conj/Fire      10%        2d3       54%         4
x - Fireball              Conj/Fire      5%         3d5       87%         5
Your spell library was empty.

Dungeon Overview and Level Annotations

Branches:
Dungeon (1/15)

Altars:


Innate Abilities, Weirdness & Mutations

You are immune to sickness and miasma.
You are immune to poison.
Your flesh is very heat resistant. (rF++)
You are vulnerable to cold. (rC-)
You float through the air rather than walking.
You learn spells naturally, not from books.
Your magical power is your life essence.
You have superior vitality. (+4 HP)


Message History

Found 23 stones.
A ball python comes into view.
A ball python is nearby!
A ball python is nearby!
A ball python is nearby!
You conjure some foxfire!
The ball python hisses angrily.
The foxfire hits the ball python.
You kill the ball python!
You have reached level 2!
Unknown command.
You conjure some foxfire!
Found 2 inky potions.
b - 2 inky potions
Found a scroll labelled NILONAVAHA.
c - a scroll labelled NILONAVAHA
Found a scroll labelled IXKIEKKOEL.
d - a scroll labelled IXKIEKKOEL
Found a book of Callings.
You see here a book of Callings.
You see here a book of Callings.
Found a book of Necromancy.
Key pressed, stopping explore.
A goblin comes into view. It is wielding a +0 club.
Found a murky brown potion.
A goblin is nearby!
You conjure some foxfire!
The goblin shouts!
The foxfire hits the goblin.
A goblin comes into view. It is wielding a +0 club.
You miscast Foxfire.
You are very lightly contaminated with residual magic.
Nothing appears to happen.
The goblin shouts!
You conjure some foxfire!
The foxfire hits the goblin.
You kill the goblin!
You conjure some foxfire!
The foxfire hits the goblin.
You kill the goblin!
Okay, then.
A bat comes into view.
Your magical contamination has completely faded away.
A bat is nearby!
A bat is nearby!
Options error: Bad channel -- pray (~/.crawlrc:4440) Options error: Bad channel -- food (~/.crawlrc:4443) Options error: Bad channel -- rotten_meat (~/.crawlrc:4460) Welcome back, Apogee the Djinni Fire Elementalist.
Okay, then.

b.! ... #.# #.#
#.# #)# #.# #@#
#.# #.# #######
#.# ##PbP..##
#.###.P...P.##
#§##P........# #
#v§############# #
#.§............# #
#..###########.###


You could see a bat.

Vanquished Creatures
  2 bats (D:1)
  2 goblins (D:1)
  2 ball pythons (D:1)
  3 frilled lizards (D:1)
  A rat (D:1)
10 creatures vanquished.

Vanquished Creatures (others)
  22 foxfires (D:1)
22 creatures vanquished.

Grand Total: 32 creatures vanquished

Notes
Turn   | Place    | Note
-------+----------+-------------------------------------------
     0 | D:1      | Apogee the Djinni Fire Elementalist began the quest for the
                  | Orb.
     0 | D:1      | Reached XP level 1. HP: 15/15 MP: 0/0
   388 | D:1      | Reached XP level 2. HP: 20/21 MP: 0/0
   598 | D:1      | Quit the game

Illustrated notes

Levels and vault maps discovered:
D:1:      amcnicky_arrival_feature_with_door, layout_basic, serial_aquarium,
          aquarium_bridge_straight [aquarium_subvault_bridge,
          aquarium_subvault_wall, aquarium_subvault_bridge,
          aquarium_subvault_window], aquarium_window_corridor_2,
          aquarium_window_2, aquarium_window_fake, aquarium_window_2,
          aquarium_view_2d, aquarium_view_2f

Action                   || total
-------------------------++-------
 Cast: Foxfire           ||    15
Armor: Robe              ||     3
Dodge: Dodged            ||    10

Table legend: (Time is in decaauts)
 A = Elapsed time spent in this place.
 B = Non-inter-level travel time spent in this place.
 C = Inter-level travel time spent in this place.
 D = Time resting spent in this place.
 E = Time spent auto-exploring this place.
 F = Levels seen in this place.
 G = Mean time per level.
                   A        B        C        D        E       F      G
               +--------+--------+--------+--------+--------+-----+--------+
         Total |    598 |    598 |      0 |      0 |    517 |   1 |  598.0 |
       Dungeon |    598 |    598 |      0 |      0 |    517 |   1 |  598.0 |
               +--------+--------+--------+--------+--------+-----+--------+

Top non-repeatable levels by time:
     D:1: 598 daAuts
